 Dungeon Crawl Stone Soup version 0.31-a0-177-g4aa6249778 (webtiles) character file.

Game seed: 12489261523199575110

94 qw the Shooter (level 4, 0/40 HPs)
             Began as a Naga Hunter on June 18, 2023.
             Slain by a rat (2 damage)
             ... on level 3 of the Dungeon.
             The game lasted 00:00:36 (1512 turns).

qw the Shooter (Naga Hunter)                        Turns: 1512, Time: 00:00:36

Health: 0/40       AC:  2    Str: 13    XL:     4   Next: 63%
Magic:  4/4        EV:  9    Int: 10    God:
Gold:   178        SH:  0    Dex: 16    Spells: 3/3 levels left

rFire   . . .        Y - +1 shortbow (heavy)
rCold   . . .        (shield currently unavailable)
rNeg    . . .        c - +0 leather armour
rPois   +            (no helmet)
rElec   .            (no cloak)
rCorr   .            (no gloves)
SInv    +            (no barding)
Will    .....        (no amulet)
Stlth   ++           (no ring)
HPRegen 0.26/turn    (no ring)
MPRegen 0.09/turn

%: no passive effects
@: very slow
A: AC +1, large, see invisible, deformed body, poison resistance, slowness 2,
spit poison 1, naga tail 1
a: Spit Poison


You were on level 3 of the Dungeon.
You visited 1 branch of the dungeon, and saw 3 of its levels.

You collected 178 gold pieces.


Innate Abilities, Weirdness & Mutations

Your serpentine skin is tough. (AC +1)
You have supernaturally acute eyesight. (SInv)
Armour fits poorly on your strangely shaped body.
Your system is resistant to poisons. (rPois)
You cover ground very slowly.
You can spit poison.
You have a snake-like lower body.


   Skills:
 + Level 2.9 Fighting
 - Level 5.0 Ranged Weapons
 - Level 1.5 Dodging
 - Level 1.5 Stealth


You had 3 spell levels left.
You didn't know any spells.
Your spell library was empty.

Inventory:

Hand Weapons
 Y - a +1 heavy shortbow (weapon)
Armour
 c - a +0 leather armour (worn)
Scrolls
 a - a scroll of teleportation {unknown}
 e - a scroll of summoning {unknown}
 f - a scroll of fear {unknown}
 j - 2 scrolls of identify
Potions
 b - a potion of haste {unknown}
 d - 2 potions of curing {unknown}
 k - a potion of lignification {unknown}
 m - a potion of might

Dungeon Overview and Level Annotations

Branches:
Dungeon (3/15)

Altars:

Annotations:
D:3 Robin


Message History

The hobgoblin is poisoned.
The hobgoblin is severely wounded.
A hobgoblin comes into view.
The goblin hits you with a +0 dagger.
The hobgoblin hits you but does no damage.
You shoot an arrow. The hobgoblin shouts!
The arrow hits the hobgoblin!
You kill the hobgoblin!
You hear a shout!
The goblin barely misses you.
A goblin comes into view. It is wielding a +0 club.
An orc wizard comes into view. It is wielding a +0 dagger.
An orc comes into view. It is wielding a +0 whip.
A goblin comes into view. It is wielding a +0 dagger.
The goblin closely misses you. The rat bites you but does no damage.
The goblin hits you with a +0 dagger.
The goblin shouts!
You shoot an arrow. The arrow hits the goblin.
The goblin is severely wounded.
You hear a shout!
The goblin hits you with a +0 dagger. x3; The hobgoblin closely misses you.
The rat bites you. The goblin hits you with a +0 dagger.
The hobgoblin closely misses you. The goblin hits you with a +0 dagger.
The rat bites you but does no damage.
You shoot an arrow. The arrow hits the goblin.
You kill the goblin!
The goblin closely misses you. The hobgoblin barely misses you.
The rat bites you. Robin throws the goblin at you!
The goblin hits you with a +0 dagger. The rat bites you but does no damage.
The goblin hits you with a +0 dagger. The hobgoblin barely misses you. x2
The goblin hits you with a +0 club.
You shoot an arrow. The arrow completely misses the goblin.
You have got your breath back.
The goblin closely misses you. The goblin hits you with a +0 dagger.
The hobgoblin hits you but does no damage.
The goblin closely misses you. The rat bites you.
An orc comes into view. It is wielding a +0 flail.
The hobgoblin barely misses you. x2; The hobgoblin hits you.
The rat bites you.
You die...

...........# #........#
...[#......####........#
.................).....#
.#).#......####........#
.##....................#
.###.......####........#
....#.......# ##...#####
###.......#...##gg.# #
###..#......gg@go#
###............ggr.#
#.>.#..........gg..#
..####.##....)..o.... .#
#.# ..........#.# .#
#..#.......)..#.#
.######.#..........# #
........#.....)....o
........#


You could see Robin, an orc wizard, 2 orcs, 4 hobgoblins, 4 goblins and a rat.

Vanquished Creatures
  An orc priest (D:3)
  3 dart slugs
  4 orcs (D:3)
  An endoplasm (D:1)
  2 giant cockroaches
  5 goblins
  6 hobgoblins
  2 jackals (D:2)
  4 quokkas
  5 ball pythons
  8 bats
  2 frilled lizards (D:1)
  5 kobolds
  5 rats
53 creatures vanquished.

Notes
Turn   | Place    | Note
-------+----------+-------------------------------------------
     0 | D:1      | qw the Naga Hunter began the quest for the Orb.
     0 | D:1      | Reached XP level 1. HP: 19/19 MP: 1/1
     0 | D:1      | 0 ||| qw: Version: 0.3-a-5-g6f28e65
     0 | D:1      | 0 ||| qw: Game counter: 674
     0 | D:1      | 0 ||| qw: Always use a shield: true
     0 | D:1      | 0 ||| qw: God list: Okawaru
     0 | D:1      | 0 ||| qw: Allow faded altars: false
     0 | D:1      | 0 ||| qw: Do Orc after D:15 true
     0 | D:1      | 0 ||| qw: Do second Lair branch before Depths: true
     0 | D:1      | 0 ||| qw: Lair rune preference: random
     0 | D:1      | 0 ||| qw: Plans: Normal
     0 | D:1      | 0 ||| PLANNING D:1-11
    33 | D:1      | 33 ||| INVOKING Spit Poison.
    45 | D:1      | 45 ||| INVOKING Spit Poison.
    83 | D:1      | 83 ||| INVOKING Spit Poison.
    84 | D:1      | Reached skill level 4 in Ranged Weapons
    84 | D:1      | Reached XP level 2. HP: 26/26 MP: 2/2
   147 | D:1      | 147 ||| INVOKING Spit Poison.
   151 | D:1      | 151 ||| INVOKING Spit Poison.
   171 | D:1      | 171 ||| INVOKING Spit Poison.
   176 | D:1      | 176 ||| INVOKING Spit Poison.
   180 | D:1      | 180 ||| INVOKING Spit Poison.
   184 | D:1      | 184 ||| INVOKING Spit Poison.
   227 | D:1      | 227 ||| INVOKING Spit Poison.
   297 | D:1      | 297 ||| INVOKING Spit Poison.
   398 | D:1      | 398 ||| INVOKING Spit Poison.
   400 | D:1      | Reached XP level 3. HP: 32/32 MP: 3/3
   408 | D:1      | 408 ||| READING scroll labelled NATAXYK HIEME.
   409 | D:1      | 409 ||| READING scroll labelled VULOTO WEYMATT.
   410 | D:1      | 410 ||| READING 2 scrolls labelled SIK HIAWYAV.
   511 | D:1      | 511 ||| READING 3 scrolls labelled MEURGH BIOF.
   571 | D:1      | 571 ||| READING scroll labelled HACKUB ESOGH.
   572 | D:1      | 572 ||| READING 2 scrolls labelled QUISTR HEJUNI.
   573 | D:1      | 573 ||| READING scroll labelled CATAWYQOMI.
   574 | D:1      | 574 ||| DRINKING 2 murky dark potions.
   575 | D:1      | 575 ||| DROPPING scroll of butterflies.
   576 | D:1      | 576 ||| DROPPING potion of attraction.
   577 | D:1      | 577 ||| DROPPING scroll of silence.
   578 | D:1      | 578 ||| DROPPING 2 scrolls of torment.
   585 | D:2      | Found a faded altar of an unknown god.
   587 | D:2      | 587 ||| INVOKING Spit Poison.
   638 | D:2      | 638 ||| INVOKING Spit Poison.
   685 | D:2      | 685 ||| INVOKING Spit Poison.
   901 | D:2      | 901 ||| INVOKING Spit Poison.
   977 | D:2      | 977 ||| INVOKING Spit Poison.
   986 | D:2      | 986 ||| INVOKING Spit Poison.
   992 | D:2      | 992 ||| INVOKING Spit Poison.
  1051 | D:2      | 1051 ||| INVOKING Spit Poison.
  1215 | D:2      | 1215 ||| INVOKING Spit Poison.
  1219 | D:2      | 1219 ||| INVOKING Spit Poison.
  1251 | D:2      | 1251 ||| READING scroll labelled ZETWAC NI FUXKE.
  1252 | D:2      | 1252 ||| READING scroll labelled TURHOY YSUI.
  1253 | D:2      | 1253 ||| DRINKING 2 silvery potions.
  1254 | D:2      | 1254 ||| READING 2 scrolls of identify.
  1254 | D:2      | 1254 ||| IDENTIFYING bubbling pink potion
  1255 | D:2      | 1255 ||| DROPPING potion of magic.
  1290 | D:3      | 1290 ||| INVOKING Spit Poison.
  1293 | D:3      | 1293 ||| INVOKING Spit Poison.
  1304 | D:3      | 1304 ||| Stepping ~*~*~tactically~*~*~ (outnumbered).
  1306 | D:3      | 1306 ||| INVOKING Spit Poison.
  1310 | D:3      | 1310 ||| INVOKING Spit Poison.
  1313 | D:3      | Reached skill level 5 in Ranged Weapons
  1313 | D:3      | Reached XP level 4. HP: 39/39 MP: 4/4
  1313 | D:3      | 1313 ||| INVOKING Spit Poison.
  1318 | D:3      | 1318 ||| INVOKING Spit Poison.
  1368 | D:3      | 1368 ||| INVOKING Spit Poison.
  1396 | D:3      | 1396 ||| INVOKING Spit Poison.
  1459 | D:3      | 1459 ||| INVOKING Spit Poison.
  1505 | D:3      | 1505 ||| INVOKING Spit Poison.
  1505 | D:3      | Noticed Robin
  1508 | D:3      | 1508 ||| INVOKING Spit Poison.
  1511 | D:3      | HP: 10/40 [goblin/+0 club[Robin] (6)]
  1512 | D:3      | HP: 2/40 [hobgoblin[Robin] (4)]
  1512 | D:3      | Slain by a rat

Levels and vault maps discovered:
D:1:      psy_arrival_dodecagon, layout_rooms
D:2:      layout_basic, hellmonk_ecumenical_altar_arch_garden
D:3:      layout_rooms, minmay_goblin_outpost, uniq_robin

Skill      XL: |  1  2  3 |
---------------+----------+-----
Ranged Weapons | 4 5 |  5.0
Fighting       | |  2.9
Dodging        | |  1.5
Stealth        | |  1.5

Action                     |  1- 3 |  4- 6 || total
---------------------------+-------+-------++-------
   Fire: Shortbow          |    58 |    14 ||    72
Ability: Spit Poison       |    26 |     7 ||    33
    Use: Scroll            |    10 |       ||    10
         Potion            |     2 |       ||     2
 Armour: Leather armour    |     6 |     7 ||    13
  Dodge: Dodged            |    10 |    15 ||    25

Table legend:
 A = Non-vault XP
 B = Vault XP
 C = Vault XP percentage of total XP
 D = Non-vault monster count
 E = Vault monster count
 F = Vault count percentage of total count
                 A         B        C        D         E       F
            +---------+---------+-------+---------+---------+-------
      Total |     127 |       8 |   5.9 |      49 |       4 |   7.5
            +---------+---------+-------+---------+---------+-------
        D:1 |      35 |       0 |   0.0 |      23 |       0 |   0.0
        D:2 |      25 |       0 |   0.0 |      14 |       0 |   0.0
        D:3 |      67 |       8 |  10.7 |      12 |       4 |  25.0
            +---------+---------+-------+---------+---------+-------
